AoeStats
← bobozius

Black Forest

509961630Analyzed
3v3 RM · 3d ago on Sep 28, 2026· 56m 16s· 6 players
Game mode
Random Map
Map size
Normal (6 player)
Population
200
Speed
Normal
Resources
Standard
Victory
Conquest
Starting age
Dark Age
Ending age
Imperial Age
RankedLock teamsTeams togetherTeam positionsShared explorationLock speedFull tech treeHidden civsTurbo modeCheats
Victory
Defeat
🇧🇷 Spanish · Brazil
949
+10
🇨🇳 Franks · China
757
+18
🇩🇪 Vietnamese · Germany
694
+21
🇸🇪 Khmer · Sweden
832
-17
🇦🇷 Bulgarians · Argentina
814
-17
🇨🇴 Inca · Colombia
776
-15
p1K4 six/seven
12:53 Feudal Age
14:50 Wheelbarrow
14:05 Double-Bit Axe
16:04 Horse Collar
16:17 Gold Mining
24:07 Castle Age
23:41 Stone Mining
25:33 Hand Cart
32:40 Stone Shaft Mining
32:11 Elite Skirmisher
36:33 Imperial Age
34:24 Fletching
34:32 Fletching
38:55 Forging
38:54 Caravan
39:03 Elite Konnik
39:55 Padded Archer Armor
40:29 Scale Barding Armor
41:36 Scale Mail Armor
43:37 Chain Barding Armor
45:11 Plate Barding Armor
45:12 Town Watch
47:28 Cavalier
52:06 Leather Archer Armor
54:47 Bodkin Arrow
54:43 Light Cavalry
COxTwo
10:33 Feudal Age
12:29 Feudal Age
14:02 Wheelbarrow
13:43 Horse Collar
13:49 Double-Bit Axe
14:37 Gold Mining
23:05 Castle Age
24:20 Bow Saw
26:25 Hand Cart
27:58 Stone Mining
28:17 Heavy Plow
32:21 Imperial Age
33:28 Gold Shaft Mining
38:26 Crop Rotation
37:55 Loom
38:44 Elite Battle Elephant
42:03 Conscription
41:04 Elite Ballista Elephant
41:46 Tusk Swords
46:34 Forging
santiago.ramirez10
0:26 Loom
16:16 Feudal Age
16:38 Horse Collar
16:43 Double-Bit Axe
16:48 Gold Mining
16:38 Horse Collar
16:43 Double-Bit Axe
16:48 Gold Mining
18:55 Wheelbarrow
26:04 Castle Age
30:08 Imperial Age
28:09 Heavy Plow
28:19 Bow Saw
28:44 Gold Shaft Mining
28:00 Stone Mining
28:48 Ballistics
31:40 Masonry
31:10 Treadmill Crane
31:20 Heated Shot
31:26 Murder Holes
31:41 Fortified Wall
31:16 Arrowslits
31:22 Guard Tower
33:41 Stone Shaft Mining
35:51 Thumb Ring
37:56 Pikeman
38:01 Elite Skirmisher
39:24 Halberdier
bobozius
13:03 Feudal Age
13:35 Double-Bit Axe
13:34 Horse Collar
15:37 Wheelbarrow
19:47 Castle Age
20:02 Stone Mining
20:05 Gold Mining
20:30 Heavy Plow
20:43 Bow Saw
21:28 Hand Cart
22:04 Stone Shaft Mining
22:13 Town Watch
23:42 Treadmill Crane
24:28 Ballistics
25:50 Town Patrol
25:58 Padded Archer Armor
31:25 Imperial Age
33:09 Two-Man Saw
32:42 Crop Rotation
32:15 Caravan
33:10 Paper Money
36:04 Chemistry
37:10 Loom
36:49 Elite Rattan Archer
37:31 Chatras
37:53 Leather Archer Armor
37:28 Fletching
37:40 Elite Skirmisher
38:22 Imperial Skirmisher
40:37 Masonry
40:32 Siege Engineers
40:38 Fortified Wall
40:15 Arrowslits
40:50 Bombard Tower
40:21 Heated Shot
43:26 Onager
45:21 Bodkin Arrow
45:56 Ring Archer Armor
48:41 Bracer
48:53 Forging
48:43 Scale Mail Armor
Zap!
4:35 Loom
13:07 Feudal Age
13:48 Double-Bit Axe
18:29 Castle Age
17:10 Horse Collar
18:18 Bloodlines
19:46 Husbandry
19:57 Scale Barding Armor
20:39 Forging
25:45 Iron Casting
26:21 Wheelbarrow
28:54 Gold Mining
34:04 Imperial Age
32:41 Hand Cart
33:26 Heavy Plow
34:07 Chain Barding Armor
34:21 Bow Saw
34:02 Town Watch
35:10 Caravan
36:31 Blast Furnace
35:31 Cavalier
36:46 Conscription
38:38 Chemistry
40:19 Supremacy
39:53 Fletching
40:27 Town Patrol
41:28 Plate Barding Armor
41:21 Stone Mining
42:31 Paladin
46:41 Bombard Tower
46:31 Masonry
49:25 Town Patrol
50:27 Two-Man Saw
50:46 Squires
50:31 Arson
50:10 Light Cavalry
53:50 Hussar
欧皇
1:25 Loom
14:49 Feudal Age
21:57 Castle Age
27:58 Double-Bit Axe
29:59 Wheelbarrow
33:20 Bow Saw
40:04 Imperial Age
37:47 Treadmill Crane
38:21 Caravan
39:45 Fortified Wall
39:46 Masonry
39:58 Ballistics
40:18 Hand Cart
39:52 Town Watch
40:02 Gold Mining
40:02 Stone Mining
42:16 Chemistry
41:48 Architecture
46:21 Fletching
46:43 Forging
46:33 Scale Mail Armor
46:36 Padded Archer Armor
47:16 Onager
Connection lost

Rejoining the realm…

Still unreachable

The connection could not be restored.

Session expired

The server has moved on; the page needs a fresh start.